badnik, neutral female scurrid Ranger ---- ---- ---- ---- ---- ---- ---- ------ ----- ..... ..... ..... (.... ..... ....) ..... ..... .....| ..... ..... ..... [.... ..... ..... ..... ..... .....| |.........................!..............................................| |.... ..... ..... ..... ..... ..... ..... ..... ..i.... | |.... ..... ..... ..... ..... ..... ..... ..@... |..............+...................).....................<.......+q...... | ..... ..... ..... ..... ..... ..... ..... ..... .....| ..... ..... ..... ..... ..... ..... ..... ..... .....| .......................%...........................+....................| |.... ..... ..... ..... ..... ..... ..... ..... ..... | |.... ..... ..... ..... ..... ..... ..... ..... ...?. |........................................................................ | ..... ..... ..... ..... ..... ..... %.... ..... .....| ..... ..... ..... ..... ..... ..... ..... ..... .....| ..... ..[.. ..... ..... ..... ..... ..... ..... .....| ---- ---- ---- ---- ---- ---- ---- ------ ----- badnik the Tenderfoot Experience level: 1 Strength: 13 Dexterity: 13 Constitution: 14 Intelligence: 13 Wisdom: 15 Charisma: 7 Health: 0(14) Energy: 2(2) Def: 3 Gold: 0 Moves: 87 Dungeon seed: 3fD_4FnpjxJlnq0V Game ID: badnik_1498611102 Your Inventory: Weapons b - a blessed +2 dart c - 34 uncursed +2 darts d - 16 uncursed +0 darts Armor e - an uncursed +2 cloak of displacement (being worn) Comestibles f - 4 uncursed chestnuts Potions h - an uncursed potion of water Wands g - an uncursed wand of slow monster (0:3) Spells and supernatural/magical abilities: Name Level Category Fail Memory W - pray for help -- divine ? -- Your skills at the end: Miscellaneous Skills wands [Basic] Weapon Skills dart [Basic] Spellcasting Skills Final Attributes: You were devoutly aligned. You had automatic searching. You had infravision. You were displaced. You were very stealthy. You are dead. Vanquished creatures: a goblin Voluntary challenges: You went without food. You did not adorn yourself with jewelry or accessories. You did not cause conflict. You were not invisible. You did not have reflection. You were an atheist. You never hit with a wielded weapon. You were a pacifist. You did not use tools. You did not use plumbed fixtures. You did not drink any magical draughts. You were illiterate. You never genocided any monsters. You never polymorphed an object. You never changed form. You used no wishes. You never split a pudding. You never wrote Elbereth's name. You never violated your personal moral code. Dungeon overview: The Dungeons of Doom: levels 1 to 14 Level 1 a long staircase Level 2 an armor shop Level 3 Level 4 a general store Level 5 Level 6 Level 7 Level 8 Level 9 Level 10 Level 11 Level 12 Level 13 Level 14 <- You were here History has recorded: On T:1 you entered the Dungeons of Doom to retrieve the Amulet of Yendor! On T:9 you reached level 3 of The Dungeons of Doom. On T:13 you reached level 4 of The Dungeons of Doom. On T:17 you reached level 5 of The Dungeons of Doom. On T:29 you reached level 6 of The Dungeons of Doom. On T:35 you reached level 7 of The Dungeons of Doom. On T:41 you reached level 8 of The Dungeons of Doom. On T:46 you reached level 9 of The Dungeons of Doom. On T:58 you reached level 10 of The Dungeons of Doom. On T:64 you reached level 11 of The Dungeons of Doom. On T:67 you reached level 12 of The Dungeons of Doom. On T:71 you reached level 13 of The Dungeons of Doom. On T:82 you reached level 14 of The Dungeons of Doom. Score breakdown: Gold: 0 ( 0 points) Experience: 1 level ( 0 points) Exploration: 14 levels ( 390 points) Discoveries: 1 item ( 50 points) Variety of kills: 1 monster ( 50 points) Major goal: (nothing yet) ( 0 points) Survival: died (score multiplied by 3) Total score: 1470 Latest messages: You bash the wall. Ouch! That hurts! You bash the wall. Ouch! That hurts! You hear the wailing of the Banshee... You are still in a pit. You continue digging downward. You dig a hole through the ground. You fall through... You receive a faint telepathic message from Orion: Your help is urgently needed at Orion's camp! Look for a ...ic transporter. You couldn't quite make out that last message. You start digging downward. The giant beetle strikes at your displaced image and misses you! You stop exploring. (3x) You start digging downward. You continue digging downward. You dig a pit in the floor. The tengu pecks! You die... Final status: Goodbye badnik the Ranger, killed by a tengu... You died in The Dungeons of Doom on dungeon level 14 with 1470 points, and 0 pieces of gold, after 87 moves. You were level 1 with a maximum of 14 hit points when you died.